Match 45496002
Unlisted

Match 45496002
End
Kradschützen Motorcycle Team
Panzergrenadier Squad
Panzergrenadier Squad
Panzergrenadier Squad
Construct Light Support Kompanie
Fire Support Elements
Panzerpioneer Squad
Assault Mechanized Group
Pak 38 Anti-tank Gun Team
Selects Battlefield Espionage Battlegroup
Selects 250/3 Funkpanzerwagen
Selects Anti-Tank Incendiary Munitions
Construct Panzerarmee Kommand
Selects Sector Subterfuge Beacon
Panzer III L Medium Tank
Vehicle Survival Package
Combat Half-tracks
Selects Plunder
Selects Firestorm
Firestorm
Panzer III L Medium Tank
Emergency Repair Kits
Firestorm
Panzer III L Medium Tank
Walking Stuka Rocket Launcher
Rapid Advance
Firestorm
Firestorm
Rolling9Deep
[PD] Ducktus
Nico-Nico-Nii~~
Sigismund
Svenious Jakobus (GB)
BERKSHIRE10
kc
skying2017
0
0

Comments sign in to comment!

No comments posted yet!